 Dungeon Crawl Stone Soup version 0.28-a0-779-g3d1f99b579 (webtiles) character file.

Game seed: 16716175270830289441

16 horus123 the Skirmisher (level 2, -1/24 HPs)
             Began as a Human Cinder Acolyte on Nov 2, 2021.
             Was a High Priest of Ignis.
             Slain by a gnoll (11 damage)
             ... on level 2 of the Dungeon.
             The game lasted 00:01:19 (575 turns).

horus123 the Skirmisher (Human Cinder Acolyte)       Turns: 575, Time: 00:01:19

Health: -1/24      AC:  2    Str: 14    XL:     2   Next: 70%
Magic:  1/3        EV: 11    Int: 14    God:    Ignis [*****.]
Gold:   46         SH:  0    Dex:  8    Spells: 1/3 levels left

rFire   + . .      SeeInvis .   a - -1 falchion (flame)
rCold   . . .      Faith    .   (no shield)
rNeg    . . .      Spirit   .   b - +0 robe
rPois   .          Reflect  .   (no helmet)
rElec   .          Harm     .   (no cloak)
rCorr   .          Rampage  .   (no gloves)
Will    .....                   (no boots)
Stlth   +.........              (no amulet)
HPRegen 0.08/turn               (no ring)
MPRegen 0.08/turn               (no ring)

@: no status effects
A: no striking features
a: Renounce Religion, Sea of Fire, Foxfire Swarm, Rising Flame


You were on level 2 of the Dungeon.
You worshipped Ignis.
Ignis was extremely pleased with you.
You visited 1 branch of the dungeon, and saw 2 of its levels.

You collected 46 gold pieces.

Inventory:

Hand Weapons
 a - a -1 falchion of flaming (weapon)
Armour
 b - a +0 robe (worn)
Scrolls
 c - a scroll of vulnerability {unknown}
 d - 3 scrolls of blinking {unknown}
 e - a scroll of teleportation {unknown}
 f - a scroll of enchant weapon {unknown}
 g - 4 scrolls of identify {unknown}
 i - a scroll of fear {unknown}
 j - a scroll of acquirement {unknown}
Potions
 h - a potion of brilliance {unknown}


   Skills:
 + Level 3.3 Fighting
 + Level 3.2 Long Blades
 + Level 0.4 Dodging
 + Level 1.0 Spellcasting
 + Level 3.2 Fire Magic


You had one spell level left.
You knew the following spells:

 Your Spells              Type           Power      Damage    Failure   Level
a - Scorch                Fire           18%        2d5       11%         2

Your spell library contained the following spells:

 Spells                   Type           Power      Damage    Failure   Level


Dungeon Overview and Level Annotations

Branches:
Dungeon (2/15)

Altars:


Message History

There is a stone staircase leading up here.
A bat is nearby!
A gnoll comes into view. It is wielding a +0 whip.
The gnoll shouts!
The bat closely misses you.
A gnoll comes into view. It is wielding a +0 spear.
The bat closely misses you. The bat barely misses you.
You hit the bat but do no damage. The bat closely misses you.
The bat barely misses you. The bat misses you.
You closely miss the bat. The bat hits you but does no damage.
You closely miss the bat. The bat misses you.
The bat hits you but does no damage.
A gnoll comes into view. It is wielding a +0 halberd.
The bat hits you.
You closely miss the bat. The bat hits you but does no damage. x2
The gnoll shouts!
You hit the bat but do no damage.
You hear a shout!
The bat closely misses you. The bat hits you but does no damage.
You slash the bat! You burn the bat.
You kill the bat!
The gnoll closely misses you.
Flames lash the gnoll.
The gnoll is moderately wounded.
The gnoll's fire resistance burns away.
You hear a shout!
The gnoll hits you with a +0 whip.
You don't have enough magic to cast this spell.
You hit the gnoll but do no damage.
The gnoll is moderately wounded.
The gnoll completely misses you.
You see here a bat corpse.
The gnoll is no longer more vulnerable to fire.
The gnoll barely misses you.
A gnoll comes into view. It is wielding a +0 spear.
The gnoll shouts!
The gnoll hits you with a +0 halberd!
The gnoll moves out of view.
You barely miss the gnoll. The gnoll closely misses you.
The gnoll hits you with a +0 halberd!
You die...

......# #.....#
#.....# #.....#
#.....# #.....#
#.<# ########.##
#...@gg.g#
########........
........g
##.####### ..#
#.# #.# ..#


You could see 3 gnolls.

Vanquished Creatures
  4 bats
  2 endoplasms (D:1)
  A giant cockroach (D:1)
  A hobgoblin (D:1)
  A kobold (D:1)
  2 ball pythons (D:1)
  4 rats (D:1)
15 creatures vanquished.

Notes
Turn   | Place    | Note
-------+----------+-------------------------------------------
     0 | D:1      | horus123 the Human Cinder Acolyte began the quest for the
                  | Orb.
     0 | D:1      | Reached XP level 1. HP: 18/18 MP: 2/2
    69 | D:1      | Reached XP level 2. HP: 19/24 MP: 3/3
    72 | D:1      | Learned a level 2 spell: Scorch
   277 | D:1      | Found a faded altar of an unknown god.
   575 | D:2      | Slain by a gnoll

Illustrated notes

Levels and vault maps discovered:
D:1:      co_arrival_square_in_a_square_in_a_square, layout_rooms,
          shapermc_ecumenical_altar_gd
D:2:      layout_basic

Action                   || total
-------------------------++-------
Melee: Falchion          ||    39
 Cast: Scorch            ||     3
Armor: Robe              ||    19
Dodge: Dodged            ||    39

Table legend: (Time is in decaauts)
 A = Elapsed time spent in this place.
 B = Non-inter-level travel time spent in this place.
 C = Inter-level travel time spent in this place.
 D = Time resting spent in this place.
 E = Time spent auto-exploring this place.
 F = Levels seen in this place.
 G = Mean time per level.
                   A        B        C        D        E       F      G
               +--------+--------+--------+--------+--------+-----+--------+
         Total |    580 |    572 |      8 |      0 |    444 |   2 |  290.0 |
       Dungeon |    580 |    572 |      8 |      0 |    444 |   2 |  290.0 |
               +--------+--------+--------+--------+--------+-----+--------+

Top non-repeatable levels by time:
     D:1: 560 daAuts
     D:2: 19 daAuts
